Map: Acid Plant LE

Players

Hanking

  • Race: Protoss Protoss
  • League: Diamond
  • Spawn Location: 5:00

MarioMM - Winner!

  • Race: Terran Terran
  • League: Diamond
  • Spawn Location: 11:00

VOD

Have the link to the VOD?

Description

Time

  • Played on: July 20, 2018, 2:06 a.m.
  • Length: 10:04
Show
View Real Time Build Order
Export as new Build Order

Hanking Protoss 

Build Orders:  

Get SALT Encoding   

  12  0:01  Probe  
  13  0:17  Pylon  
  13  0:23  Probe  
  14  0:33  Probe  
  14  0:36  Gateway  
  14  0:41  Probe  
  16  0:50  Probe  
  17  0:57  Assimilator  
  17  0:58  Probe  
  17  1:00  Assimilator  
  18  1:06  Probe  
  19  1:17  Probe  
  20  1:26  Cybernetics Core  
  20  1:29  Probe  
  21  1:35  Pylon  
  21  1:41  Probe  
  23  1:54  Stalker  
  23  2:00  Pylon  
  22  2:05  Robotics Facility  
  24  2:22  Stalker  
  26  2:49  Immortal  
  26  2:52  Stalker  
  32  3:04  Probe  
  33  3:18  Pylon  
  33  3:23  Stalker  
  35  3:27  Immortal  
  39  3:48  Nexus  
  39  3:59  Shield Battery  
  39  4:06  Stargate  
  39  4:07  Observer  
  37  4:17  Stalker  
  42  4:27  Probe  
  30  4:40  Probe  
  31  4:52  Probe  
  32  4:59  Probe  
  32  5:04  Probe  
  34  5:08  Probe  
  34  5:13  Sentry, Probe  
  37  5:16  Probe  
  37  5:21  Probe  
  39  5:28  Probe  
  41  5:30  Probe  
  42  5:39  Sentry  
  42  5:40  Probe  
  42  5:42  Void Ray  
  35  6:19  Probe  
  28  6:31  Probe  
  23  6:40  Probe  
  24  6:48  Probe  
  25  6:57  Probe  
  25  7:00  Probe  
  27  7:02  Sentry  
  29  7:10  Probe  
  29  7:12  Probe  
  31  7:22  Probe  
  32  7:24  Probe  
  32  7:29  Sentry  
  35  7:34  Probe  
  35  7:36  Probe  
  37  7:46  Probe  
  37  7:48  Probe  
  39  7:54  Immortal  
  39  7:55  Probe  
  44  7:58  Shield Battery  
  44  8:02  Assimilator  
  44  8:04  Probe  
  44  8:12  Probe  
  46  8:20  Assimilator  
  46  8:22  Probe  
  46  8:23  Probe  
  46  8:24  Pylon  
  48  8:30  Probe  
  48  8:31  Probe  
  48  8:34  Immortal  
  53  8:38  Stalker  
  53  8:39  Probe  
  53  8:40  Probe  
  58  8:48  Colossus  
  58  8:49  Colossus x2  
  58  8:51  Robotics Bay, Probe  
  58  8:52  Probe  
  60  9:03  Probe  
  60  9:04  Probe  
  62  9:17  Void Ray  
Show
View Real Time Build Order
Export as new Build Order

MarioMM Terran - Winner!

Build Orders: Reaper Expand, MMM Bio 

Get SALT Encoding   

  12  0:01  SCV  
  13  0:13  SCV  
  14  0:19  Supply Depot  
  14  0:25  SCV  
  15  0:30  Refinery  
  15  0:40  SCV  
  16  0:47  Barracks  
  16  0:52  SCV  
  17  1:04  SCV  
  17  1:08  Refinery  
  18  1:16  SCV  
  19  1:33  Orbital Command  
  19  1:35  Reaper  
  20  1:43  Factory  
  20  1:50  Supply Depot  
  20  2:17  SCV, Command Center  
  20  2:20  Barracks Reactor  
  21  2:29  SCV  
  24  2:30  Hellion  
  24  2:46  SCV  
  25  2:58  SCV  
  26  3:09  Hellion x2, Barracks  
  26  3:11  SCV  
  26  3:12  Starport, Barracks Tech Lab  
  31  3:21  Engineering Bay  
  31  3:29  SCV, Orbital Command  
  32  3:37  Cyclone  
  34  3:45  Cyclone  
  37  3:49  Orbital Command  
  38  3:55  SCV  
  38  4:02  Stimpack  
  38  4:04  Medivac  
  38  4:07  Marine  
  41  4:15  SCV  
  42  4:17  Supply Depot  
  38  4:40  SCV  
  38  4:44  Marine, Medivac  
  40  4:47  Marine x2, Factory Tech Lab  
  42  4:53  SCV x2  
  42  4:54  Command Center  
  42  4:56  Refinery  
  42  4:58  Supply Depot  
  44  5:05  SCV  
  44  5:06  Marine x2, Marauder  
  49  5:08  Siege Tank  
  49  5:12  Bunker  
  52  5:25  Marine x2  
  52  5:27  Marine, Bunker  
  46  5:43  Marine  
  46  5:47  Supply Depot  
  45  5:53  Marauder  
  46  5:58  Barracks  
  46  6:01  Barracks  
  46  6:05  Siege Tank, Marine  
  50  6:12  Marine  
  50  6:14  Marauder  
  50  6:26  Orbital Command  
  50  6:27  Marine  
  50  6:30  Marine  
  50  6:35  Marauder  
  50  6:37  Bunker  
  52  6:45  SCV  
  48  6:53  Barracks Reactor  
  48  6:55  Barracks Reactor  
  48  6:57  SCV, Starport Reactor  
  49  7:02  SCV  
  49  7:05  Combat Shields  
  50  7:13  SCV x2  
  52  7:16  SCV  
  53  7:25  SCV, Refinery  
  53  7:27  Marine x2  
  53  7:28  Marauder  
  58  7:33  Marine  
  58  7:34  Marine x3  
  57  7:48  Marine  
  57  7:49  Marauder, Viking x2  
  57  7:50  Orbital Command  
  64  7:54  Marine x5  
  69  8:00  Missile Turret  
  69  8:02  Terran Infantry Weapons Level 1  
  69  8:05  Missile Turret  
  69  8:14  Missile Turret  
  69  8:27  SCV x2, Siege Tank, Marine, Medivac  
  69  8:28  Supply Depot  
  69  8:30  Supply Depot  
  77  8:41  Engineering Bay  
  77  8:42  Armory  
  77  8:47  Supply Depot  
  77  8:49  SCV x3, Marine x5  
  77  8:51  Marine  
  77  8:52  Marauder  
  88  9:01  SCV x3  
  87  9:05  Siege Tank  
  87  9:07  Marine  
  91  9:10  Marine x2  
  91  9:11  Marine x2  
  91  9:13  Marauder  
  91  9:14  Viking  
  91  9:15  Medivac  
  99  9:39  Bunker  
  94  9:46  Bunker  
  91  10:03  Bunker  
Tags
 
Composition
MMM Bio
Matchup
PvT
Replay Pack
replaypack1
Spawn Locations
Cross Positions
Add a new tag
Caveats
  • Supply blocks, unpowered buildings, or Contaminate may cause inaccurate times.
  • Supply counts are checked every 10 seconds.